AoeStats
← AlejoLodbrok

Arena

509978138Analyzed
3v3 RM · 2d ago on Sep 28, 2026· 72m 13s· 6 players
Game mode
Random Map
Map size
Normal (6 player)
Population
200
Speed
Normal
Resources
Standard
Victory
Conquest
Starting age
Dark Age
Ending age
Imperial Age
RankedLock teamsTeams togetherTeam positionsShared explorationLock speedFull tech treeHidden civsTurbo modeCheats
Victory
Defeat
🇨🇴 Maya · Colombia
621
+12
🇨🇴 Chinese · Colombia
595
+13
🇨🇴 Malay · Colombia
562
+14
🇺🇸 Wei · United States
637
-17
🇧🇷 Teutons · Brazil
532
-13
🇨🇦 Spanish · Canada
425
-9
DeflateDez4BRADY
11:29 Feudal Age
11:55 Loom
12:03 Double-Bit Axe
12:04 Horse Collar
15:15 Wheelbarrow
20:26 Castle Age
18:43 Stone Mining
19:14 Gold Mining
21:28 Hand Cart
21:45 Heavy Plow
22:07 Bow Saw
27:21 Tuntian
30:14 Imperial Age
28:28 Gold Shaft Mining
30:13 Bloodlines
30:04 Husbandry
31:07 Caravan
31:19 Scale Barding Armor
31:06 Fletching
31:28 Forging
31:21 Padded Archer Armor
32:28 Conscription
35:17 Iron Casting
34:39 Bodkin Arrow
34:52 Thumb Ring
36:49 Parthian Tactics
39:20 Elite Tiger Cavalry
44:01 Ming Guang Armor
44:15 Leather Archer Armor
46:27 Chemistry
45:48 Ballistics
49:16 Blast Furnace
48:38 Chain Barding Armor
48:19 Bracer
52:02 Elite Skirmisher
53:59 Fortified Wall
56:18 Ring Archer Armor
Sour
12:24 Feudal Age
12:04 Loom
12:58 Horse Collar
14:05 Double-Bit Axe
15:22 Stone Mining
17:21 Wheelbarrow
19:50 Man-at-Arms
24:33 Castle Age
23:25 Gold Mining
25:45 Hand Cart
26:11 Fletching
26:52 Heavy Plow
28:26 Fortified Wall
32:00 Elite Skirmisher
43:41 Bloodlines
44:51 Town Watch
50:57 Bodkin Arrow
57:18 Ballistics
67:09 Ballistics
69:15 Pikeman
Icaubi
12:50 Feudal Age
20:30 Castle Age
19:23 Double-Bit Axe
25:37 Horse Collar
26:31 Bloodlines
26:44 Heavy Plow
28:17 Gold Mining
32:25 Imperial Age
29:53 Pikeman
30:35 Squires
33:47 Bow Saw
33:10 Capped Ram
33:20 Cavalier
35:07 Halberdier
36:29 Forging
38:04 Wheelbarrow
39:53 Ironclad
39:56 Crenellations
41:36 Chemistry
42:45 Hand Cart
42:27 Stone Mining
45:18 Arrowslits
49:05 Guard Tower
50:49 Two-Man Saw
49:57 Caravan
56:19 Elite Teutonic Knight
62:33 Iron Casting
62:04 Scale Barding Armor
64:05 Scale Mail Armor
66:33 Paladin
71:11 Blast Furnace
J Stark 8910
1:46 Loom
14:43 Feudal Age
16:03 Wheelbarrow
15:11 Horse Collar
15:23 Double-Bit Axe
19:56 Fletching
20:06 Padded Archer Armor
20:45 Gold Mining
20:45 Stone Mining
24:16 Castle Age
24:37 Crossbowman
25:22 Thumb Ring
27:25 Leather Archer Armor
28:01 Heavy Plow
29:42 Town Watch
35:19 Ballistics
34:55 Murder Holes
35:11 Fortified Wall
34:41 Treadmill Crane
35:12 Masonry
36:02 Bodkin Arrow
36:26 Bow Saw
40:21 Imperial Age
40:00 Town Patrol
42:17 Chemistry
42:01 Bracer
42:31 Arbalester
44:50 Conscription
45:57 Ring Archer Armor
AlejoLodbrok
6:53 Loom
20:46 Feudal Age
20:44 Double-Bit Axe
20:53 Gold Mining
20:57 Stone Mining
23:03 Wheelbarrow
30:23 Castle Age
28:38 Forging
30:27 Pikeman
32:46 Hand Cart
34:37 Iron Casting
36:47 Imperial Age
35:18 Fletching
36:39 Bow Saw
36:14 Horse Collar
37:23 Elite Karambit Warrior
37:37 Halberdier
40:20 Blast Furnace
41:24 Squires
41:29 Murder Holes
41:16 Treadmill Crane
42:38 Chemistry
47:42 Masonry
47:36 Heavy Plow
49:38 Arson
72:26 Padded Archer Armor
SupremestStone
1:51 Loom
13:48 Feudal Age
18:15 Castle Age
16:11 Double-Bit Axe
18:28 Horse Collar
20:10 Bow Saw
20:08 Heavy Plow
21:23 Wheelbarrow
24:37 Fletching
31:09 Crossbowman
35:40 Imperial Age
38:27 Ballistics
39:09 Chemistry
38:25 Forging
38:14 Bodkin Arrow
38:20 Padded Archer Armor
38:21 Stone Mining
39:44 Two-Man Saw
39:24 Bracer
40:20 Leather Archer Armor
41:23 Thumb Ring
41:50 Conscription
42:40 Hand Cart
43:00 Fortified Wall
46:24 Town Watch
49:47 Elite Chu Ko Nu
58:11 Town Patrol
58:45 Forging
58:40 Scale Barding Armor
59:06 Ring Archer Armor
58:50 Scale Barding Armor
62:26 Light Cavalry
63:16 Bloodlines
63:07 Husbandry
62:29 Cavalier
64:02 Iron Casting
63:47 Chain Barding Armor
68:22 Blast Furnace
67:42 Chain Barding Armor
71:29 Plate Barding Armor
Connection lost

Rejoining the realm…

Still unreachable

The connection could not be restored.

Session expired

The server has moved on; the page needs a fresh start.